 Dungeon Crawl Stone Soup version 0.30-a0-218-gedb9141078 (webtiles) character file.

Game seed: 17089297943070889716

95 LnG the Caller (level 4, -7/24 HPs)
             Began as a Kobold Summoner on Oct 5, 2022.
             Splashed by a jelly's acid (9 damage)
             ... on level 3 of the Dungeon.
             The game lasted 00:05:04 (2692 turns).

LnG the Caller (Kobold Summoner)                    Turns: 2692, Time: 00:05:07

Health: -7/24      AC: -1    Str:  5    XL:     4   Next: 97%
Magic:  2/7        EV: 15    Int: 18    God:
Gold:   174        SH:  0    Dex: 15    Spells: 2/8 levels left

rFire   . . .      SeeInvis .    m - +0 dagger
rCold   . . .      Faith    .    (no shield)
rNeg    . . .      Spirit   .    a - +0 robe
rPois   .          Reflect  .    q - +0 helmet
rElec   .          Harm     .    (no cloak)
rCorr   .          Rampage  .    (no gloves)
Will    .....                    (no boots)
Stlth   ++++......               (no amulet)
HPRegen 0.24/turn                (no ring)
MPRegen 0.10/turn                (no ring)

@: corroded
A: small, no large weapons, nightstalker 3
a: no special abilities


You were on level 3 of the Dungeon.
You visited 1 branch of the dungeon, and saw 3 of its levels.

You collected 174 gold pieces.

Inventory:

Hand Weapons
 m - a +0 dagger (weapon)
Armour
 a - a +0 robe (worn)
 q - a +0 helmet (worn)
Scrolls
 d - a scroll of enchant armour {unknown}
 e - a scroll of vulnerability {unknown}
 h - a scroll of immolation {unknown}
 i - 6 scrolls of identify {unknown}
 k - a scroll of amnesia {unknown}
 l - a scroll of summoning {unknown}
 n - a scroll of teleportation {unknown}
 o - a scroll of enchant weapon {unknown}
 r - a scroll of blinking {unknown}
Potions
 b - a potion of magic
 c - a potion of mutation {unknown}
 f - a potion of resistance {unknown}
 g - a potion of attraction {unknown}
 j - 2 potions of curing {unknown}
 p - a potion of haste {unknown}
 s - a potion of heal wounds {unknown}


   Skills:
 + Level 1.7 Short Blades
 + Level 2.9 Dodging
 * Level 4.0 Stealth
 + Level 2.6 Spellcasting
 + Level 4.8 Summonings


You had 2 spell levels left.
You knew the following spells:

 Your Spells              Type           Power      Damage    Failure   Level
a - Summon Small Mammal   Summ           76%        N/A       2%          1
b - Call Imp              Summ           19%        N/A       3%          2
c - Call Canine Familiar  Summ           19%        N/A       7%          3

Your spell library contained the following spells:

 Spells                   Type           Power      Damage    Failure   Level
 Summon Guardian Golem    Hex/Summ       11%        N/A       19%         3
 Portal Projectile        Hex/Tloc       4%         N/A       45%         3
 Summon Lightning Spire   Summ/Air       11%        N/A       54%         4
 Leda's Liquefaction      Hex/Erth       1%         N/A       86%         4


Dungeon Overview and Level Annotations

Branches:
Dungeon (3/15)

Altars:


Innate Abilities, Weirdness & Mutations

You are small and have problems with some larger weapons.
You are completely attuned to the shadows.


Message History

You see here 5 stones.
s - a red potion A jelly comes into view.
Casting: Call Canine Familiar (quite dangerous; 7% risk of failure)
Confirm with . or Enter, or press ? or * to list all spells.
The spell is quite dangerous to miscast (7% risk of failure)!
Continue anyway?
The jelly hits your hound.
Your hound is splashed with acid.
The acid corrodes your hound!
Your hound bites the jelly.
Your hound is burned by acid!
Your hound bites the jelly.
Your hound is burned by acid!
The jelly barely misses your hound.
Your hound barely misses the jelly.
The jelly hits your hound.
Your hound is splashed with acid.
Your hound seems to be corroded for longer.
Your hound barely misses the jelly.
Your hound bites the jelly.
Your hound is burned by acid!
The jelly hits your hound.
Your hound dies!
Your hound's corpse disappears in a puff of smoke!
Casting: Call Canine Familiar (quite dangerous; 7% risk of failure)
Confirm with . or Enter, or press ? or * to list all spells.
The spell is quite dangerous to miscast (7% risk of failure)!
Continue anyway?
You swap places.
The jelly hits your hound.
Your hound is splashed with acid.
The acid corrodes your hound!
Your hound bites the jelly.
Your hound is burned by acid!
Your hound bites the jelly.
Your hound is burned by acid!
Your hound dies!
Your hound's corpse disappears in a puff of smoke!
You hit the jelly but do no damage. The acid corrodes you!
Your hands burn!
The jelly is almost dead.
The jelly hits you.
You are splashed with acid!
You hit the jelly but do no damage.
Your hands burn!
* * * LOW HITPOINT WARNING * * *
The jelly is almost dead.
The jelly hits you.
* * * LOW HITPOINT WARNING * * *
You are splashed with acid!
You die...

#.#
########.#
#........#
#.########
#)# #.#
#(#
.####ยง#
....J@#
.######


You could see a jelly.

Vanquished Creatures
  2 adders (D:2)
  4 endoplasms (D:2)
  2 giant cockroaches
  2 goblins
  A hobgoblin (D:2)
  A quokka (D:2)
  5 ball pythons
  4 bats
  A frilled lizard (D:2)
  4 kobolds
  7 rats (D:2)
33 creatures vanquished.

Vanquished Creatures (collateral kills)
  An adder (D:2)
  A worm (D:2)
  7 bats
  5 endoplasms
  2 giant cockroaches (D:1)
  3 goblins (D:1)
  5 hobgoblins
  A kobold (D:1)
  3 ball pythons
  2 frilled lizards
  A rat (D:1)
31 creatures vanquished.

Vanquished Creatures (others)
  4 toadstools (D:1)
4 creatures vanquished.

Grand Total: 68 creatures vanquished

Notes
Turn   | Place    | Note
-------+----------+-------------------------------------------
     0 | D:1      | LnG the Kobold Summoner began the quest for the Orb.
     0 | D:1      | Reached XP level 1. HP: 10/10 MP: 3/3
   207 | D:1      | Reached XP level 2. HP: 15/15 MP: 1/5
   210 | D:1      | Learned a level 2 spell: Call Imp
   845 | D:1      | Reached XP level 3. HP: 19/19 MP: 2/6
   849 | D:1      | Learned a level 3 spell: Call Canine Familiar
  1637 | D:2      | Reached XP level 4. HP: 9/24 MP: 3/7
  1747 | D:2      | Reached skill level 1 in Short Blades
  1820 | D:2      | Found a faded altar of an unknown god.
  2692 | D:3      | Splashed by a jelly's acid

Illustrated notes

Levels and vault maps discovered:
D:1:      ldierk_walled_garden_2, layout_basic, minivault_25
D:2:      minmay_diamond_boxcup, layout_basic,
          dreamdust_ecumenical_altar_statues
D:3:      layout_loops_ring, uniq_ijyb

Skill      XL: |  1  2  3  4 |
---------------+-------------+-----
Stealth        | 3 4 |  4.0
Short Blades   | 1 |  1.7
Dodging        | |  2.9
Spellcasting   | |  2.6
Summonings     | |  4.8

Action                   |  1- 3 |  4- 6 || total
-------------------------+-------+-------++-------
Melee: Unarmed           |    15 |       ||    15
       Dagger            |    39 |    89 ||   128
       Short sword       |    32 |       ||    32
       Punch             |     2 |     1 ||     3
 Cast: Summon Small Mamm |    26 |       ||    26
       Call Imp          |     3 |     1 ||     4
       Call Canine Famil |     2 |     5 ||     7
 Stab: Sleeping          |     2 |    10 ||    12
Armor: Robe              |    17 |    18 ||    35
Dodge: Dodged            |    92 |    95 ||   187

Table legend: (Time is in decaauts)
 A = Elapsed time spent in this place.
 B = Non-inter-level travel time spent in this place.
 C = Inter-level travel time spent in this place.
 D = Time resting spent in this place.
 E = Time spent auto-exploring this place.
 F = Levels seen in this place.
 G = Mean time per level.
                   A        B        C        D        E       F      G
               +--------+--------+--------+--------+--------+-----+--------+
         Total |   2690 |   2600 |     90 |      0 |   2047 |   3 |  896.7 |
       Dungeon |   2690 |   2600 |     90 |      0 |   2047 |   3 |  896.7 |
               +--------+--------+--------+--------+--------+-----+--------+

Top non-repeatable levels by time:
     D:1: 1464 daAuts
     D:2: 1167 daAuts
     D:3: 58 daAuts
